 Dungeon Crawl Stone Soup version 0.22-a0-558-gc224181 (webtiles) character file.

530937 SoggyDoggy the Executioner (level 24, -9/211 HPs)
             Began as a Minotaur Berserker on June 25, 2018.
             Was a High Priest of Trog.
             Killed from afar by an electric golem (39 damage)
             ... with a bolt of lightning
             ... on level 1 of the Realm of Zot on June 26, 2018.
             The game lasted 06:44:30 (68261 turns).

SoggyDoggy the Executioner (Minotaur Berserker)    Turns: 68261, Time: 06:44:30

Health: -9/211     AC: 57    Str: 27    XL:     24   Next: 42%
Magic:  25/25      EV: 17    Int:  6    God:    Trog [*****.]
Gold:   284        SH:  0    Dex: 13    Spells: 23/23 levels left

rFire    + . .     SeeInvis +   a - +8 executioner's axe "Qotused" {flame, Int+2}
rCold    + . .     Gourm    .   (shield currently unavailable)
rNeg     . . .     Faith    .   f - +13 crystal plate armour of the Lair of Beasts {rPois rF+ Dex-4}
rPois    +         Spirit   .   N - +0 mask of the Dragon {MR+ Slay+3 SInv}
rElec    .         Reflect  .   t - +2 cloak
rCorr    .         Harm     .   p - +2 pair of gloves
MR       ++++.                  D - +2 pair of boots {run}
Stlth    ..........             U - amulet "Yrhet" {+Blink rPois Regen+ SInv}
HPRegen  1.85/turn              c - ring of protection from cold
MPRegen  0.19/turn              x - +4 ring of protection

@: regenerating, quick
A: retaliatory headbutt, horns 2, frail 1, subdued magic 1
}: 3/15 runes: decaying, abyssal, gossamer
a: Berserk, Trog's Hand, Brothers in Arms, Renounce Religion, Evoke Blink


You were on level 1 of the Realm of Zot.
You worshipped Trog.
Trog was extremely pleased with you.
You were not hungry.

You visited 9 branches of the dungeon, and saw 44 of its levels.
You visited the Abyss 2 times.
You also visited: Ice Cave and Volcano.

You collected 6834 gold pieces.
You spent 6550 gold pieces at shops.

Inventory:

Hand Weapons
 a - the +8 executioner's axe "Qotused" (weapon) {flame, Int+2}
   (Trog gifted it to you on level 1 of the Orcish Mines)

   It has been specially enchanted to burn those struck by it, causing extra
   injury to most foes and up to half again as much damage against particularly
   susceptible opponents.
   Big, fiery blades are also staple armaments of hydra-hunters.
   It affects your intelligence (+2).
 b - a +8 arbalest of velocity
   (Trog gifted it to you on level 2 of the Orcish Mines)
 w - a +6 antimagic broad axe
   (Trog gifted it to you on level 4 of the Abyss)
 z - a +8 triple crossbow of velocity
   (Trog gifted it to you on level 1 of the Abyss)
Missiles
 l - 1817 bolts
Armour
 f - the +13 crystal plate armour of the Lair of Beasts (worn) {rPois rF+ Dex-4}
   (You bought it in a shop on level 3 of the Depths)

   It affects your dexterity (-4).
   It protects you from fire.
   It protects you from poison.
 p - a +2 pair of gloves (worn)
   (You found it on level 6 of the Dungeon)
 t - a +2 cloak (worn)
   (You found it on level 2 of the Abyss)
 D - a +2 pair of boots of running (worn)
   (You found it on level 1 of the Orcish Mines)
 N - the +0 mask of the Dragon (worn) {MR+ Slay+3 SInv}
   (You found it on level 4 of the Swamp)

   It affects your accuracy and damage with ranged weapons and melee attacks
   (+3).
   It affects your resistance to hostile enchantments.
   It lets you see invisible.
 R - the +15 Maxwell's patent armour {-Cast -Tele rElec MR+ rCorr}
   (You acquired it on level 1 of the Spider Nest)

   It insulates you from electricity.
   It affects your resistance to hostile enchantments.
   It prevents spellcasting.
   It prevents most forms of teleportation.
   It protects you from acid and corrosion.
Jewellery
 c - a ring of protection from cold (left hand)
   (You found it on level 4 of the Depths)
 x - a +4 ring of protection (right hand)
   (You found it on level 1 of the Elven Halls)
 C - an uncursed ring of ice
   (You found it in a volcano)
 L - the ring "Mipuh" {*Tele rF+ Int+9 Slay+3}
   (You found it in an ice cave)

   [ring of teleportation]

   It may teleport you next to monsters.
   It affects your intelligence (+9).
   It affects your accuracy and damage with ranged weapons and melee attacks
   (+3).
   It protects you from fire.
 M - an uncursed amulet of faith {!P}
   (You found it on level 3 of the Lair of Beasts)
 U - the amulet "Yrhet" (around neck) {+Blink rPois Regen+ SInv}
   (You acquired it on level 15 of the Dungeon)

   [amulet of regeneration]

   It protects you from poison.
   It lets you see invisible.
   It lets you blink.
   It increases your rate of regeneration.
Wands
 d - a wand of iceblast (37)
   (You found it on level 2 of the Lair of Beasts)
 s - a wand of clouds (1)
   (You found it in an ice cave)
 u - a wand of paralysis (24)
   (You found it on level 1 of the Elven Halls)
 v - a wand of digging (20)
   (You bought it in a shop on level 2 of the Orcish Mines)
Scrolls
 g - 6 scrolls of blinking
 n - 8 scrolls of magic mapping
 o - 26 scrolls of remove curse {@r2}
 r - 11 scrolls of fog
 I - 5 scrolls of fear
 J - 20 scrolls of teleportation {@r4}
 V - a scroll of summoning
 W - a scroll of silence
 Y - 4 scrolls of identify {@r1}
Potions
 h - 3 potions of resistance
 i - 8 potions of lignification {!q}
 j - 2 potions of heal wounds {@q2}
 k - a potion of invisibility
 m - 2 potions of haste {@q3}
 q - 15 potions of curing {@q1}
 y - 3 potions of cancellation
 A - 5 potions of flight
 B - 11 potions of might
 F - 7 potions of mutation {!q}
 K - 6 potions of ambrosia
 S - 3 potions of agility
Miscellaneous
 E - a phial of floods
   (You found it on level 10 of the Dungeon)
Comestibles
 e - 45 rations {!d}


   Skills:
 + Level 23.1 Fighting
 - Level 26.0 Axes
 + Level 12.8 Crossbows
 + Level 23.0 Armour
 + Level 21.4 Dodging
   Level 4.1 Shields
 - Level 4.0 Evocations


You had 23 spell levels left.
You didn't know any spells.
Your spell library contained the following spells:

 Spells                   Type           Power        Failure   Level  Hunger
 Apportation              Tloc           #.....       99%         1    ##.....
 Summon Small Mammal      Summ           #...         99%         1    ##.....
 Animate Skeleton         Necr           N/A          99%         1    ##.....
 Confusing Touch          Hex            #.....       99%         1    ##.....


Dungeon Overview and Level Annotations

Branches:
Dungeon (15/15)            Temple (0/1) D:5            Lair (6/6) D:8
  Swamp (4/4) Lair:4       Spider (4/4) Lair:3        Slime (0/5) Lair:6
    Orc (2/2) D:10            Elf (3/3) Orc:2        Vaults (4/5) D:13
  Crypt (0/3) Vaults:3     Depths (5/5) D:15            Zot (1/5) Depths:5

Altars:
Dithmenos
Fedhas
Kikubaaqudgha
Okawaru
Qazlal
Ru
Trog
Uskayaw
Vehumet
Xom
Yredelemnul
Zin
Beogh
Jiyva

Shops:
D:4 (   D:10 (   Orc:1 ?   Orc:2 ?!}**   Elf:1 }   Elf:3 =   Vaults:1 }
Vaults:2 *?   Vaults:3 %   Depths:1 }=}   Depths:3 [:=%

Portals:
Hell: Depths:1 Depths:2 Depths:3 Depths:4 Depths:5
Abyss: Depths:1 Depths:4
Pandemonium: Depths:3
Ziggurat: Depths:1
Trove: D:14 (give 17 potions of curing)

Annotations:
D:4 2 transporters
D:8 1 runed door, Kogoro's ghost, novice GnWr
D:13 3 runed doors, dforspid's ghost, journeyman DsWn
Lair:3 1 runed door, Guhom's ghost, journeyman OpAs
Lair:6 exclusion: oklob plant
Swamp:2 3 runed doors, Cugupn's ghost, adept VSBe
Swamp:3 1 runed door, Kyutiz's ghost, adept VSBe
Spider:3 2 transporters, Darkshadow's ghost, adept MiBe
Elf:2 3 runed doors
Depths:4 2 runed doors


Innate Abilities, Weirdness & Mutations

You reflexively headbutt those who attack you in melee.
You have a pair of horns on your head.
You are frail. (-10% HP)
Your spells are a little easier to cast, but a little less powerful.


Message History

You headbutt the quicksilver dragon, but do no damage.
The purple draconian hits you but does no damage.
The quicksilver dragon bites you but does no damage.
The quicksilver dragon claws you but does no damage.
You slash the quicksilver dragon! You burn the quicksilver dragon.
Your headbutt misses the quicksilver dragon.
The quicksilver dragon breathes dispelling energy at you.
The bolt of dispelling energy hits you!
* * * LOW HITPOINT WARNING * * *
The purple draconian hits you but does no damage.
A tentacled monstrosity comes into view.
You slice the quicksilver dragon!! You burn the quicksilver dragon.
You kill the quicksilver dragon!
Trog accepts your kill.
The electric golem hits your iron troll but does no damage.
The electric golem barely misses your iron troll.
The electric golem hits your iron troll!
The electric golem hits your iron troll but does no damage.
The purple draconian hits you but does no damage.
Your iron troll misses the electric golem.
Your iron troll claws the electric golem!!
Your iron troll closely misses the electric golem.
You swap places.
The electric golem hurls lightning at you.
The bolt of lightning hits you!
* * * LOW HITPOINT WARNING * * *
The bolt of lightning hits your iron troll.
Your iron troll dies!
Your iron troll's corpse disappears in a puff of smoke!
The bolt of lightning hits you!
* * * LOW HITPOINT WARNING * * *
The electric golem hits you but does no damage. x2
The electric golem misses you. x2
Okay, then.
Okay, then.
Okay, then.
Okay, then.
You feel much better.
The purple draconian breathes dispelling energy at you.
The bolt of dispelling energy misses you.
The electric golem hurls lightning at you.
The bolt of lightning misses you. x2
Your deep troll goes berserk!
You feel quite a bit more hungry. The electric golem barely misses you.
The electric golem closely misses you.
The electric golem hits you but does no damage.
The electric golem misses you.
The electric golem hurls lightning at you.
The bolt of lightning hits you!
You die...

##### #..∩#
#.######
#......# ###
######.###8#
###.....#
.>#####.#
#.#####T#
###.#.§@8.#
...#X#####
#.#d# #DX.#
#.### #.#
#.# #.# #.#


You could see an electric golem, a tentacled monstrosity and a friendly deep
troll (berserk).

Vanquished Creatures
  An ancient lich (Abyss:1)
  2 juggernauts
  A greater mummy (Depths:2)
  the Lernaean hydra (Swamp:3)
  4 caustic shrikes (Depths:5)
  Margery (Depths:3)
  Nikola (Spider:1)
  A golden dragon (shapeshifter) (Depths:5)
  the Enchantress (Depths:3)
  Arachne (Spider:4)
  A bone dragon (Abyss:1)
  Jorgrun (Depths:2)
  A tentacled monstrosity (Depths:5)
  7 liches
  2 deep elf blademasters (Elf:3)
  An Executioner (Abyss:1)
  A quicksilver dragon (Zot:1)
  A deep elf master archer (Elf:3)
  7 tentacled starspawn
  2 sphinxes
  Gastronok (Lair:3)
  Kirke (D:15)
  A shadow dragon (Depths:5)
  4 thorn hunters
  Donald (Swamp:4)
  5 storm dragons
  4 fire giants
  11 deep elf sorcerers
  7 frost giants
  3 ghost moths
  An iron dragon (Depths:5)
  6 vault wardens
  A caustic shrike zombie (Depths:2)
  8 emperor scorpions
  Louise (D:15)
  2 balrugs
  A draconian shifter (Depths:5)
  5 deep elf elementalists (Elf:3)
  A draconian stormcaller (Depths:5)
  26 very ugly things
  17 ironheart preservers
  6 spriggan defenders
  A war gargoyle (D:14)
  4 entropy weavers
  18 stone giants
  3 deep elf demonologists
  A green draconian (Zot:1)
  6 deep elf annihilators
  A yellow draconian (Depths:5)
  A purple draconian (Depths:5)
  A red draconian (Depths:5)
  Nessos (D:12)
  Azrael (D:15)
  6 spark wasps
  4 deep elf death magi
  12 ettins
  Snorg (Lair:2)
  An eidolon (Abyss:2)
  13 fire dragons
  A quicksilver dragon zombie (Depths:2)
  12 yaktaur captains
  A merfolk impaler (Depths:1)
  2 green deaths
  3 jiangshi
  2 deep elf high priests
  The ghost of ebo the Cleaver, a journeyman HOFi of Makhleb (Orc:1)
  10 great orbs of eyes
  10 ogre magi
  2 rakshasas
  A hydra (shapeshifter) (Abyss:4)
  19 hydras
  2 naga warriors (Abyss:4)
  7 spriggan air magi
  4 ice dragons
  2 vault guards (Vaults:4)
  13 centaur warriors
  3 catoblepae
  2 death knights (Vaults:4)
  11 dancing weapons
  5 death yaks
  17 two-headed ogres
  6 tengu warriors
  5 deep troll shamans
  14 alligators
  7 deep troll earth magi
  2 vampire magi
  4 hell hogs (Abyss:4)
  18 thrashing horrors
  2 orc high priests
  A storm dragon zombie (Vaults:4)
  4 sun demons
  6 spriggan berserkers
  A soul eater (Abyss:4)
  13 deep elf knights
  2 sixfirhies (Abyss:4)
  A salamander mystic (Depths:1)
  8 hell knights (Depths:3)
  8 wretched stars
  A golden dragon zombie (Depths:2)
  3 shadow wraiths
  A spatial maelstrom (Abyss:1)
  3 unseen horrors
  4 skeletal warriors (Vaults:1)
  2 spriggan druids
  6 glowing orange brains
  3 shambling mangroves
  3 flayed ghosts
  17 deep elf archers
  12 swamp dragons
  5 wizards
  12 necromancers
  A death drake (shapeshifter) (Abyss:1)
  A lindwurm (shapeshifter) (Depths:3)
  27 large abominations
  13 ironbrand convokers
  2 tengu zombies (Depths:2)
  20 deep trolls
  2 harpies (shapeshifter)
  A phantasmal warrior (Vaults:3)
  5 harpies (Vaults:2)
  A mana viper (shapeshifter) (Vaults:4)
  2 mana vipers (Abyss:4)
  A wolf spider zombie (D:14)
  16 orc knights
  20 orb spiders
  3 human zombies
  A salamander (shapeshifter) (Vaults:4)
  30 wolf spiders
  12 cyclopes
  46 deep elf magi
  A fire giant zombie (Depths:2)
  3 moths of wrath
  A manticore (shapeshifter) (Depths:5)
  2 orc sorcerers
  A stone giant zombie (Depths:2)
  2 frost giant zombies
  A cyclops (shapeshifter) (D:10)
  2 manticores
  4 black mambas
  3 salamanders
  38 ugly things
  9 elephants
  A fire giant skeleton (Depths:2)
  A worldbinder (Abyss:2)
  2 guardian serpents (Abyss:4)
  A frost giant skeleton (Depths:2)
  11 smoke demons
  2 apocalypse crabs
  3 ice statues (IceCv)
  A stone giant skeleton (Depths:2)
  Psyche (D:8)
  2 molten gargoyles (Volcano)
  7 vault sentinels
  A gargoyle (D:12)
  4 centaur skeletons
  A naga mage (Abyss:4)
  13 spiny frogs
  A torpor snail (Lair:6)
  46 yaktaurs
  3 freezing wraiths
  8 komodo dragons
  A yaktaur (shapeshifter) (Vaults:4)
  A human skeleton (Vaults:1)
  4 hellwings
  3 rime drakes
  An efreet (Abyss:4)
  A kobold demonologist (Depths:4)
  5 ancient zymes
  15 demonic crawlers
  2 tengu conjurers
  3 guardian mummies (Depths:2)
  21 jumping spiders
  7 red devils
  A spriggan skeleton (Depths:2)
  A polar bear (Lair:5)
  4 meliai
  8 trolls
  29 hornets
  A wolf spider simulacrum (D:15)
  A queen bee (D:12)
  21 blink frogs
  9 hippogriffs
  17 raiju
  4 queen bees (shapeshifter)
  A tengu simulacrum (Depths:4)
  3 bog bodies
  2 spriggan zombies (Depths:2)
  A hippogriff (shapeshifter) (Vaults:3)
  36 slime creatures
  14 tyrant leeches
  A frost giant simulacrum (Abyss:2)
  A stone giant simulacrum (Vaults:4)
  An ettin zombie (Depths:2)
  17 water elementals
  20 small abominations
  3 fire giant simulacra
  A vampire (Abyss:4)
  3 air elementals
  11 flying skulls
  An ettin skeleton (Abyss:2)
  4 shadows
  4 wraiths
  14 spriggans
  A tarantella (shapeshifter) (Vaults:4)
  29 tarantellas
  2 wyverns
  66 redbacks
  55 yaks
  A spriggan (shapeshifter) (Depths:1)
  2 ynoxinuls
  38 starcursed masses
  Eustachio (D:5)
  11 fire bats
  A human (D:7)
  5 neqoxecs
  4 basilisks
  5 fire elementals
  25 vampire mosquitoes
  3 hogs (D:7)
  7 chaos spawn (Abyss:4)
  A golden eye (shapeshifter) (Depths:5)
  An elf skeleton (Depths:4)
  15 insubstantial wisps
  4 wargs
  An ogre zombie (Vaults:1)
  A swamp worm (shapeshifter) (Depths:3)
  3 nagas (Abyss:4)
  12 swamp worms
  An acid dragon (Vaults:1)
  A soldier ant (D:10)
  A spatial vortex (Abyss:4)
  Duvessa (D:6)
  10 water moccasins
  9 porcupines
  12 hell hounds
  49 orc warriors
  2 eyes of draining
  10 swamp drakes
  2 hornet zombies
  A sky beast (D:13)
  2 phantoms (D:8)
  19 ice beasts
  6 black bears
  An ogre (shapeshifter) (Vaults:4)
  A spriggan simulacrum (Depths:2)
  38 ogres
  6 boggarts (Vaults:2)
  A boggart (shapeshifter) (Abyss:4)
  An ettin simulacrum (Vaults:1)
  13 wolves
  32 centaurs
  7 crocodiles
  8 elf zombies
  4 big kobolds
  A bullfrog (shapeshifter) (Vaults:3)
  14 bullfrogs
  12 earth elementals
  A glowing shapeshifter simulacrum (Vaults:1)
  3 scorpions
  A scorpion (shapeshifter) (D:13)
  Dowan (D:6)
  16 killer bees
  3 electric eels
  6 wights
  3 howler monkeys (D:11)
  16 crimson imps
  4 bullfrog zombies
  6 lava snakes (Volcano)
  7 quasits
  7 hounds
  3 jellies
  14 orc priests
  2 bullfrog skeletons
  2 iron imps (Abyss:2)
  4 iguanas
  23 orc wizards
  13 worker ants
  A hound skeleton (D:11)
  7 mummies (Depths:2)
  A howler monkey zombie (D:9)
  8 gnolls
  10 adders
  2 howler monkey skeletons
  3 shadow imps
  4 white imps
  3 ufetubi
  An adder zombie (D:6)
  An adder skeleton (D:4)
  2 worms
  5 dart slugs
  7 leopard geckos
  95 orcs
  5 giant cockroaches
  8 goblins
  4 hobgoblins
  4 jackals (D:2)
  13 kobolds
  3 quokkas
  A ball python (D:2)
  3 bats
  4 frilled lizards
  A kobold zombie (Abyss:4)
  A quokka skeleton (D:9)
  A quokka zombie (D:7)
  11 rats
  A butterfly (D:4)
  4 fungi
  2 lurking horrors
  2 plants
  12 starspawn tentacles
2132 creatures vanquished.

Vanquished Creatures (collateral kills)
  A caustic shrike (Depths:5)
  A ghost moth (Spider:4)
  A reaper (Abyss:4)
  An ironheart preserver (Vaults:4)
  A very ugly thing (Vaults:2)
  A fire dragon (Abyss:4)
  A blizzard demon (Abyss:4)
  A hydra (Swamp:3)
  An ogre mage (Abyss:4)
  A glowing orange brain (Vaults:4)
  2 orc knights (Vaults:4)
  An ironbrand convoker (Vaults:4)
  A freezing wraith (Vaults:4)
  An air elemental (Abyss:4)
  3 redbacks (Spider:4)
  An orc warrior (D:11)
  4 starcursed masses (Abyss:4)
23 creatures vanquished.

Vanquished Creatures (others)
  A hell knight (Depths:3)
  A deep elf archer (Elf:3)
  2 ugly things (D:15)
  2 redbacks (Spider:1)
  A tarantella (Spider:1)
  A hog (D:15)
  A fire bat (Abyss:4)
  4 humans (D:15)
  A naga (Abyss:4)
  A swamp drake (Swamp:4)
  A black bear (Abyss:4)
  A boggart (Vaults:2)
  A crimson imp (D:15)
  An orc wizard (Vaults:1)
  A fire vortex (Abyss:4)
  4 fungi
  16 plants
  15 starspawn tentacles
55 creatures vanquished.

Grand Total: 2210 creatures vanquished

Notes
Turn   | Place    | Note
-------+----------+-------------------------------------------
     0 | D:1      | SoggyDoggy the Minotaur Berserker began the quest for the Orb.
     0 | D:1      | Reached XP level 1. HP: 19/19 MP: 0/0
   200 | D:1      | Reached XP level 2. HP: 20/27 MP: 1/1
   310 | D:1      | Reached skill level 4 in Axes
   948 | D:2      | Reached XP level 3. HP: 30/33 MP: 2/2
  1085 | D:2      | Reached ** piety under Trog
  1889 | D:3      | Reached XP level 4. HP: 39/40 MP: 3/3
  2553 | D:4      | Found a transporter.
  2602 | D:4      | Reached skill level 5 in Axes
  2707 | D:4      | Noticed an ogre
  2749 | D:4      | Found a sacrificial altar of Ru.
  2753 | D:4      | Found a bloodstained altar of Trog.
  2753 | D:4      | Noticed a moth of wrath
  2893 | D:4      | Reached XP level 5. HP: 47/47 MP: 4/4
  2940 | D:4      | Found a shimmering altar of Xom.
  3213 | D:4      | Found a transporter.
  3246 | D:4      | Noticed a kobold demonologist
  3305 | D:4      | Found Dowo's Weapon Boutique.
  3715 | D:5      | Entered Level 5 of the Dungeon
  3715 | D:5      | Noticed an ice beast
  4081 | D:5      | Reached skill level 6 in Axes
  4081 | D:5      | Reached XP level 6. HP: 55/55 MP: 5/5
  4208 | D:5      | Reached skill level 5 in Fighting
  4656 | D:5      | Killed an ice beast
  4656 | D:5      | Reached *** piety under Trog
  4656 | D:5      | Reached XP level 7. HP: 61/61 MP: 6/6
  4799 | D:5      | Reached skill level 7 in Axes
  4968 | D:5      | Noticed Eustachio
  5025 | D:5      | Killed Eustachio
  5025 | D:5      | Reached skill level 5 in Armour
  5403 | D:5      | Found a staircase to the Ecumenical Temple.
  6298 | D:6      | Reached skill level 5 in Dodging
  6298 | D:6      | Reached XP level 8. HP: 43/70 MP: 7/7
  6300 | D:6      | Reached skill level 8 in Axes
  6433 | D:6      | Noticed Duvessa
  6433 | D:6      | Noticed Dowan
  6448 | D:6      | Killed Dowan
  6455 | D:6      | Killed Duvessa
  6894 | D:6      | Reached skill level 9 in Axes
  7538 | D:7      | Reached XP level 9. HP: 79/79 MP: 8/8
  7547 | D:7      | Reached skill level 10 in Axes
  8153 | D:7      | Found a blossoming altar of Fedhas.
  8405 | D:8      | Found a staircase to the Lair.
  8417 | D:8      | Reached **** piety under Trog
  9158 | D:8      | Reached skill level 11 in Axes
  9678 | D:8      | Noticed Psyche
  9689 | D:8      | Killed Psyche
  9840 | D:8      | Reached XP level 10. HP: 87/90 MP: 9/9
  9846 | D:8      | Found a runed door.
  9848 | D:8      | Noticed Kogoro's ghost (novice GnWr)
  9848 | D:8      | Noticed a two-headed ogre
 10020 | D:8      | Killed a two-headed ogre
 10623 | D:9      | Found a basalt altar of Yredelemnul.
 10639 | D:9      | Reached skill level 12 in Axes
 10793 | D:9      | Found a stormy altar of Qazlal.
 10794 | D:9      | Found a hide-covered altar of Uskayaw.
 10794 | D:9      | Found a blossoming altar of Fedhas.
 10795 | D:9      | Found an iron altar of Okawaru.
 11494 | D:10     | Entered Level 10 of the Dungeon
 11546 | D:10     | Found a shadowy altar of Dithmenos.
 11997 | D:10     | Found a staircase to the Orcish Mines.
 12127 | D:10     | Found Bixkui's Antique Weapon Emporium.
 12167 | D:10     | Noticed a centaur warrior
 12167 | D:10     | Noticed a cyclops
 12553 | Lair:1   | Entered Level 1 of the Lair of Beasts
 12962 | Lair:1   | Reached skill level 1 in Shields
 13064 | D:8      | Reached XP level 11. HP: 98/99 MP: 10/10
 13081 | Lair:1   | Reached skill level 13 in Axes
 13576 | Lair:1   | Reached skill level 10 in Fighting
 14167 | Lair:2   | Noticed a seven-headed hydra
 14236 | Lair:1   | HP: 4/99 [11-headed hydra (6)]
 15365 | Lair:2   | Reached skill level 10 in Armour
 15596 | Lair:2   | Noticed a catoblepas
 15610 | Lair:2   | Killed a catoblepas
 15988 | Lair:2   | Reached skill level 14 in Axes
 16342 | Lair:3   | Found a dark tunnel.
 16431 | Volcano  | Entered a volcano
 17293 | Volcano  | Found a bloodstained altar of Trog.
 17293 | Volcano  | Noticed a sun demon
 17303 | Volcano  | Killed a sun demon
 17303 | Volcano  | Reached XP level 12. HP: 110/110 MP: 11/11
 17873 | Lair:3   | Reached skill level 15 in Axes
 17884 | Lair:3   | Reached ***** piety under Trog
 18105 | Lair:3   | Noticed Snorg
 18129 | Lair:2   | Killed Snorg
 18129 | Lair:2   | Reached skill level 10 in Dodging
 18319 | Lair:3   | Found a runed door.
 18354 | Lair:3   | Noticed Gastronok
 18647 | Lair:3   | Killed Gastronok
 18779 | Lair:3   | Noticed Guhom's ghost (journeyman OpAs)
 18837 | Lair:3   | Found a hole to the Spider Nest.
 19941 | Lair:4   | Reached skill level 16 in Axes
 20077 | Lair:4   | Reached XP level 13. HP: 94/118 MP: 12/12
 20441 | Lair:4   | Found a staircase to the Swamp.
 21615 | Lair:6   | Entered Level 6 of the Lair of Beasts
 22165 | Lair:6   | Got an encrusted ring mail
 22407 | Lair:6   | Found a staircase to the Slime Pits.
 22408 | Lair:6   | Found a viscous altar of Jiyva.
 22498 | Lair:6   | Received a gift from Trog
 22944 | Lair:6   | Reached skill level 17 in Axes
 24246 | D:10     | Noticed a stone giant
 24246 | D:10     | Noticed an ettin
 24762 | D:10     | Identified the cursed +1 ring mail of the Vaults {Str+2 Int+3 Dex+2} (You found it on level 6 of the Lair of Beasts)
 24959 | D:10     | Killed a stone giant
 25266 | D:11     | Found a frozen archway.
 25465 | IceCv    | Entered an ice cave
 25483 | IceCv    | Reached XP level 14. HP: 129/129 MP: 13/13
 26471 | IceCv    | Got a twitching granite ring
 26488 | IceCv    | Identified the ring "Mipuh" {*Tele rF+ Int+9 Slay+3} (You found it in an ice cave)
 27055 | D:11     | Received a gift from Trog
 27056 | D:11     | Found the +5 scythe "Finisher" {speed, Str+3}
 27987 | D:12     | Noticed Nessos
 28052 | D:12     | Reached skill level 18 in Axes
 28196 | D:12     | Killed Nessos
 29341 | D:12     | Received a gift from Trog
 29614 | Orc:1    | Entered Level 1 of the Orcish Mines
 29819 | Orc:1    | Received a gift from Trog
 29820 | Orc:1    | Got a twisted executioner's axe {god gift}
 29833 | Orc:1    | Identified the +8 executioner's axe "Qotused" {flame, Int+2} (Trog gifted it to you on level 1 of the Orcish Mines)
 29942 | Orc:2    | Entered Level 2 of the Orcish Mines
 30374 | Orc:2    | Found a staircase to the Elven Halls.
 30925 | Orc:2    | Received a gift from Trog
 31287 | Orc:2    | Found Licaink's Magic Scroll Emporium.
 31294 | Orc:2    | Bought a scroll of enchant weapon for 120 gold pieces
 31294 | Orc:2    | Bought a scroll of teleportation for 48 gold pieces
 31294 | Orc:2    | Bought a scroll of identify for 32 gold pieces
 31294 | Orc:2    | Bought a scroll of teleportation for 48 gold pieces
 31294 | Orc:2    | Bought a scroll of fog for 32 gold pieces
 31472 | Orc:2    | Found Buotzuot's Assorted Antiques.
 31472 | Orc:2    | Found Umafac's Gadget Shop.
 31474 | Orc:2    | Found Ucseegaops's Distillery.
 31476 | Orc:2    | Found Tohyodd's General Store.
 31480 | Orc:2    | Bought a scroll of magic mapping for 119 gold pieces
 31480 | Orc:2    | Bought a scroll of fear for 119 gold pieces
 31481 | Orc:2    | Bought a wand of digging (12) for 576 gold pieces
 31483 | Orc:2    | Bought a potion of haste for 170 gold pieces
 31483 | Orc:2    | Bought a potion of haste for 170 gold pieces
 31488 | Orc:2    | Bought a scroll of blinking for 97 gold pieces
 31614 | Orc:1    | Found Gipleg's Magic Scroll Shop.
 31649 | Orc:1    | Bought a scroll of fear for 45 gold pieces
 31764 | Orc:1    | Found a roughly hewn altar of Beogh.
 31836 | Orc:1    | Found a runed door.
 31837 | Orc:1    | Noticed ebo's ghost (journeyman HOFi)
 32020 | Orc:1    | Killed ebo's ghost
 32172 | Orc:1    | Identified a +0 pair of boots of running (You found it on level 1 of the Orcish Mines)
 32210 | Orc:2    | Bought a scroll of enchant armour for 120 gold pieces
 32210 | Orc:2    | Bought a scroll of acquirement for 832 gold pieces
 32914 | D:13     | Found a runed gate.
 32916 | D:13     | Found a runed gate.
 32920 | D:13     | Noticed dforspid's ghost (journeyman DsWn)
 32926 | D:13     | Found a runed gate.
 32947 | D:13     | Reached XP level 15. HP: 137/139 MP: 14/14
 33076 | D:13     | Found a transporter.
 33384 | D:13     | Found a gate to the Vaults.
 33463 | D:13     | Found a viscous altar of Jiyva.
 34091 | D:14     | Found a portal to a secret trove of treasure.
 34707 | D:13     | Found a transporter.
 34916 | D:14     | Found an ancient bone altar of Kikubaaqudgha.
 35165 | D:14     | Reached skill level 19 in Axes
 35174 | D:14     | Found a blossoming altar of Fedhas.
 35405 | D:15     | Entered Level 15 of the Dungeon
 35408 | D:15     | Noticed Azrael
 35486 | D:15     | Reached ****** piety under Trog
 35557 | D:15     | Found a glowing silver altar of Zin.
 35608 | D:15     | Noticed Kirke
 35627 | D:15     | Killed Azrael
 35634 | D:15     | Killed Kirke
 35831 | D:15     | Got a pitted tin amulet
 36118 | D:15     | Identified the amulet "Yrhet" {+Blink rPois Regen+ SInv} (You acquired it on level 15 of the Dungeon)
 36155 | D:15     | Reached skill level 15 in Fighting
 36216 | D:15     | Noticed Louise
 36250 | D:15     | HP: 7/141 [Louise/bolt of lightning (43)]
 36251 | D:15     | HP: 2/141 [Louise/demon trident of electrocution (20)]
 36269 | D:15     | Killed Louise
 36270 | D:15     | Reached skill level 1 in Evocations
 36787 | D:15     | Found a staircase to the Depths.
 36787 | D:15     | Noticed a frost giant
 36795 | D:15     | Killed a frost giant
 37345 | Lair:4   | Upgraded the game from 0.22-a0-553-g9358b0b to 0.22-a0-558-gc224181
 37353 | Swamp:1  | Entered Level 1 of the Swamp
 37476 | Swamp:1  | Reached skill level 15 in Armour
 38578 | Swamp:2  | Got a flickering pewter ring
 38579 | Swamp:2  | Identified the ring of Law {Fire rN+ MR+ Slay-6 Stlth+} (You acquired it on level 2 of the Swamp)
 38676 | Swamp:2  | Received a gift from Trog
 38683 | Swamp:2  | Reached XP level 16. HP: 149/149 MP: 16/16
 38805 | Swamp:2  | Reached skill level 20 in Axes
 38828 | Swamp:2  | Noticed a thorn hunter
 38836 | Swamp:2  | Killed a thorn hunter
 38888 | Swamp:2  | Noticed Cugupn's ghost (adept VSBe)
 38898 | Swamp:2  | Found a runed gate.
 38898 | Swamp:2  | Found a runed gate.
 38898 | Swamp:2  | Found a runed gate.
 39100 | Swamp:2  | Noticed a thorn hunter
 39123 | Swamp:2  | Killed a thorn hunter
 39572 | Swamp:3  | Noticed a thorn hunter
 39583 | Swamp:3  | Killed a thorn hunter
 39788 | Swamp:3  | Received a gift from Trog
 40113 | Swamp:3  | Found a runed door.
 40114 | Swamp:3  | Noticed Kyutiz's ghost (adept VSBe)
 40458 | Swamp:4  | Entered Level 4 of the Swamp
 40458 | Swamp:4  | Found the +0 mask of the Dragon {MR+ Slay+3 SInv}
 40635 | Swamp:4  | Noticed a thorn hunter
 40643 | Swamp:4  | Killed a thorn hunter
 40774 | Swamp:4  | Noticed Donald
 40788 | Swamp:4  | Killed Donald
 41562 | Swamp:4  | Noticed the 27-headed Lernaean hydra
 41590 | Swamp:3  | Killed the 25-headed Lernaean hydra
 41754 | Swamp:4  | Reached skill level 21 in Axes
 41865 | Swamp:4  | Cast into level 4 of the Abyss (a Zot trap)
 42088 | Abyss:4  | Received a gift from Trog
 42160 | Abyss:4  | Reached XP level 17. HP: 146/159 MP: 17/19
 42256 | Abyss:4  | Noticed a Hell Sentinel
 42384 | Abyss:4  | Reached skill level 15 in Dodging
 42436 | Abyss:4  | Got a pair of steaming boots
 42439 | Abyss:4  | Identified the +1 pair of boots "Boppaqi" {rElec rF- rN+} (You found it on level 4 of the Abyss)
 42455 | Abyss:4  | Received a gift from Trog
 42460 | Swamp:4  | Escaped the Abyss
 42530 | Swamp:4  | Got a decaying rune of Zot
 43018 | Orc:2    | Bought a scroll of enchant armour for 255 gold pieces
 43390 | Elf:1    | Entered Level 1 of the Elven Halls
 43500 | Elf:1    | Found Lain's Gadget Shoppe.
 43503 | Elf:1    | Bought a wand of digging (14) for 396 gold pieces
 44793 | Elf:2    | Found a runed gate.
 44799 | Elf:2    | Found a runed gate.
 44801 | Elf:2    | Found a runed gate.
 45178 | Elf:2    | Found a radiant altar of Vehumet.
 45233 | Elf:2    | Reached skill level 22 in Axes
 45365 | Elf:2    | Received a gift from Trog
 45488 | Elf:3    | Entered Level 3 of the Elven Halls
 45627 | Elf:3    | Found Ciesa Cisk's Jewellery Boutique.
 46237 | Elf:3    | Reached XP level 18. HP: 170/170 MP: 20/20
 46461 | Elf:3    | Received a gift from Trog
 46656 | Elf:3    | Got a scintillating tin ring
 46879 | Elf:3    | Noticed a Brimstone Fiend
 47026 | Elf:3    | Got a slimy bronze ring
 47030 | Elf:3    | Identified the ring "Utajeych" {+Fly rElec Str+4} (You took it off a deep elf elementalist on level 3 of the Elven Halls)
 47031 | Elf:3    | Identified the ring of Nass {AC+2 Str+4} (You took it off a deep elf sorcerer on level 3 of the Elven Halls)
 47340 | Elf:3    | Found the +3 giant club "Skullcrusher" {speed, Str+7}
 47354 | Elf:3    | Identified the Grimoire of the Doomed Snowflakes
 47463 | Elf:3    | Identified Sif Muna's Guide on Clay and Curses
 47651 | Orc:2    | Bought a scroll of identify for 26 gold pieces
 47651 | Orc:2    | Bought a scroll of identify for 26 gold pieces
 48088 | Elf:3    | Bought an uncursed ring of resist corrosion for 260 gold pieces
 48308 | Spider:1 | Entered Level 1 of the Spider Nest
 48378 | Spider:1 | Reached skill level 23 in Axes
 48582 | Spider:1 | Found the +15 Maxwell's patent armour {-Cast -Tele rElec MR+ rCorr}
 48949 | Spider:1 | Noticed Nikola
 48996 | Spider:1 | Killed Nikola
 50077 | Spider:2 | Received a gift from Trog
 50649 | Spider:3 | Noticed Darkshadow's ghost (adept MiBe)
 50652 | Spider:3 | Found a transporter.
 50749 | Spider:3 | Found a transporter.
 50774 | Spider:3 | Reached XP level 19. HP: 160/179 MP: 21/21
 51106 | Spider:4 | Entered Level 4 of the Spider Nest
 51106 | Spider:4 | Noticed Arachne
 51315 | Spider:4 | Received a gift from Trog
 51394 | Spider:4 | Killed Arachne
 52168 | Spider:4 | Reached skill level 24 in Axes
 52176 | Spider:4 | Received a gift from Trog
 52357 | Spider:4 | Got a gossamer rune of Zot
 52745 | Vaults:1 | Entered Level 1 of the Vaults
 53334 | Vaults:1 | Found Zurast's Gadget Emporium.
 53716 | Vaults:1 | Received a gift from Trog
 53758 | Vaults:1 | Got a blackened broad axe {god gift}
 53759 | Vaults:1 | Identified the +7 broad axe "Dinygimp" {flame, +Rage rPois Str+3 Int+5} (Trog gifted it to you on level 1 of the Vaults)
 53780 | Vaults:1 | Reached XP level 20. HP: 150/191 MP: 22/22
 54594 | Vaults:2 | Found Deosm's Magic Scroll Shoppe.
 54602 | Vaults:2 | Bought a scroll of enchant armour for 127 gold pieces
 54602 | Vaults:2 | Bought a scroll of silence for 127 gold pieces
 54868 | Vaults:2 | Reached skill level 25 in Axes
 55113 | Vaults:2 | Received a gift from Trog
 55174 | Vaults:2 | Found Larphi Hele's Assorted Antiques.
 55664 | Vaults:3 | Found a ruined gateway.
 55684 | Vaults:3 | Found Uzavack's Food Shoppe.
 55687 | Vaults:3 | Got a heavily runed scale mail
 55792 | Vaults:3 | Received a gift from Trog
 56161 | Vaults:3 | Found a staircase to the Crypt.
 56297 | Vaults:3 | Identified the +2 scale mail of the Fiend {rElec} (You found it on level 3 of the Vaults)
 56962 | Vaults:4 | Received a gift from Trog
 56977 | Vaults:4 | Reached XP level 21. HP: 188/200 MP: 23/23
 57364 | Vaults:4 | Received a gift from Trog
 57768 | Vaults:4 | Reached skill level 26 in Axes
 57890 | Vaults:4 | Reached skill level 1 in Crossbows
 58573 | Depths:1 | Entered Level 1 of the Depths
 58668 | Depths:1 | Found Rovate's Jewellery Shop.
 58669 | Depths:1 | Found Axoqase's Gadget Emporium.
 58669 | Depths:1 | Found Nausiowi's Gadget Emporium.
 58744 | Depths:1 | Received a gift from Trog
 58881 | Depths:1 | Received a gift from Trog
 59237 | Depths:1 | Found a gateway to a ziggurat.
 59349 | Depths:1 | Found a one-way gate to the infinite horrors of the Abyss.
 59741 | Depths:1 | Found a gateway to Hell.
 60349 | Depths:2 | Reached skill level 5 in Crossbows
 60463 | Depths:2 | Noticed Jorgrun
 60474 | Depths:2 | Killed Jorgrun
 60590 | Depths:2 | Received a gift from Trog
 60609 | Depths:2 | Noticed a greater mummy
 60644 | Depths:2 | Killed a greater mummy
 60644 | Depths:2 | Received a gift from Trog
 60980 | Depths:2 | Found a blossoming altar of Fedhas.
 61005 | Depths:2 | Reached XP level 22. HP: 211/211 MP: 24/24
 61143 | Depths:3 | Found Olas's Jewellery Shoppe.
 61624 | Depths:3 | Found a one-way gate leading to the halls of Pandemonium.
 61674 | Depths:3 | Found Oginacox's Antique Armour Boutique.
 61780 | Depths:3 | Noticed Margery
 61791 | Depths:3 | Killed Margery
 62116 | Depths:3 | Found Ocicihud's Book Shoppe.
 62201 | Depths:3 | Noticed the Enchantress
 62220 | Depths:3 | Received a gift from Trog
 62237 | Depths:3 | Killed the Enchantress
 62306 | Depths:3 | Got faerie dragon scales
 62309 | Depths:3 | Found Jenepo Beta's Food Emporium.
 62760 | Depths:4 | Found a large runed door.
 62760 | Depths:4 | Found a large runed door.
 63870 | Depths:5 | Entered Level 5 of the Depths
 63899 | Depths:5 | Identified the +1 faerie dragon scales {+Inv rC+ rCorr Str+2} (You took it off the Enchantress on level 3 of the Depths)
 64083 | Depths:5 | Received a gift from Trog
 64115 | Depths:5 | Noticed a juggernaut
 64131 | Depths:5 | Killed a juggernaut
 64131 | Depths:5 | Reached XP level 23. HP: 184/222 MP: 25/25
 64181 | Depths:5 | Noticed a caustic shrike
 64181 | Depths:5 | Noticed a caustic shrike
 64181 | Depths:5 | Noticed a caustic shrike
 64181 | Depths:5 | Noticed a caustic shrike
 64191 | Depths:5 | Noticed a caustic shrike
 64192 | Depths:5 | Killed a caustic shrike
 64193 | Depths:5 | Killed a caustic shrike
 64199 | Depths:5 | Killed a caustic shrike
 64218 | Depths:5 | Killed a caustic shrike
 64218 | Depths:5 | Reached skill level 10 in Crossbows
 64219 | Depths:5 | Killed a caustic shrike
 65007 | Depths:5 | Found a gate to the Realm of Zot.
 65634 | Depths:3 | Bought a jasper-encrusted crystal plate armour for 2805 gold pieces
 65634 | Depths:3 | Identified the +13 crystal plate armour of the Lair of Beasts {rPois rF+ Dex-4} (You bought it in a shop on level 3 of the Depths)
 65788 | Depths:1 | Voluntarily entered the Abyss.
 65891 | Abyss:1  | Noticed a juggernaut
 65907 | Abyss:1  | Killed a juggernaut
 66049 | Abyss:1  | Received a gift from Trog
 66077 | Abyss:1  | Noticed an ancient lich
 66089 | Abyss:1  | Killed an ancient lich
 66125 | Abyss:1  | Gained mutation: Your spells are a little easier to cast, but a little less powerful. [a neqoxec]
 66701 | Abyss:4  | Received a gift from Trog
 66711 | Abyss:4  | Reached XP level 24. HP: 129/228 MP: 25/25
 66733 | Abyss:4  | Found a corrupted altar of Lugonu.
 66747 | Abyss:4  | Got an abyssal rune of Zot
 66819 | Abyss:4  | Found a corrupted altar of Lugonu.
 66859 | Abyss:4  | Gained mutation: You are frail. (-10% HP) [a neqoxec]
 66904 | Abyss:4  | Found a corrupted altar of Lugonu.
 66914 | Abyss:4  | Found a corrupted altar of Lugonu.
 66961 | Abyss:4  | Found a corrupted altar of Lugonu.
 67136 | Abyss:4  | Paralysed by accursed screaming for 1 turns
 67358 | Abyss:4  | Received a gift from Trog
 67506 | Depths:1 | Escaped the Abyss
 68176 | Zot:1    | Entered Level 1 of the Realm of Zot
 68259 | Zot:1    | HP: 7/211 [electric golem/bolt of lightning (21)]
 68261 | Zot:1    | Killed from afar by an electric golem

Vault maps used:
D:1:      evilmike_arrival_rings, grunt_decor_arrowhead,
          hangedman_decor_peaks_small
D:2:      nrook_mini_backslash
D:3:      first_ration
D:4:      gammafunk_wand_slinger, overflow_temple_1_default, tgw_trog,
          xom_butterflies, serial_shops, shop
D:5:      minmay_temple_entry_water_ring, uniq_eustachio
D:6:      uniq_duvessa
D:7:      basic_altar, grunt_livestock
D:8:      lair_entry_dummy, ebering_ghost_funeral_grove, uniq_psyche
D:9:      chequers_temple_overflow_statue_of_worship, overflow_temple_1_default,
          basic_loot_grate_trap
D:10:     minmay_sliced_demisemicircle, orc_0_dummy, basic_altar, serial_shops,
          shop
D:11:     portal_ice_cave_entry_ice_beasts, kennysheep_generic_room_6
D:12:     special_room, hangedman_cracks_in_the_wall, uniq_nessos
D:13:     gammafunk_jiyva_shrine, david_vaults_1, gammafunk_ghost_necromancy,
          minmay_hollow_rounded_squares
D:14:     enter_trove_0, fedhas_altar_1, basic_altar, minmay_three_doors
D:15:     grunt_enter_depths_snipers, minmay_misc_feat_enclosed, basic_altar,
          nicolae_underground_beach, uniq_kirke, uniq_azrael, uniq_louise
Lair:2:   wad_woods_river_01
Lair:3:   spider_nest_entry_a, ebering_ghost_funeral_grove, enter_volcano_3,
          wad_woods_road_01, serial_bayou_shore_b, grunt_megastairs_2,
          uniq_gastronok, uniq_snorg
Lair:4:   cheibrodos_lair_river_kwai, minmay_swamp_entry_swarm, st_stairs_5
Lair:5:   st_stairs_5, grunt_megastairs_1
Lair:6:   grunt_lair_end_beastmaster, slime_altar_1, minmay_lair_oklob_bushes,
          minivault_26, serial_bayou_pond_d, lemuel_fruit_fields,
          infiniplex_staircase_pool_2
Swamp:1:  evilmike_swamp_ruin_house_4
Swamp:2:  gammafunk_ghost_split, evilmike_swamp_ruin_house_5
Swamp:3:  ebering_ghost_funeral_grove, nicolae_swamp_trees_clearing,
          infiniplex_staircase_pool
Swamp:4:  swamp_old_school, uniq_donald
Spider:1: uniq_nikola
Spider:3: gammafunk_ghost_arena, spider_trap
Spider:4: grunt_spider_rune_circles, uniq_arachne
Orc:1:    nicolae_orc_accident_2, serial_shops, shop_coins,
          gammafunk_ghost_grave
Orc:2:    st_orc_rangers, serial_shops, nicolae_shop_competitors_out_of_business
Elf:1:    eino_elf_arrival_sip, serial_shops, shop, minmay_elf_necromancy
Elf:2:    basic_altar
Elf:3:    elf_hall, serial_shops, nicolae_shop_crystal, laboratory
Vaults:1: v_misc_17, nicolae_vaults_branching_niches, hangedman_vaults_snaps,
          nicolae_vaults_back_hallway, hangedman_vaults_unwind,
          ontoclasm_vaults_eye, nicolae_vaults_network_square,
          ontoclasm_vaults_idyll, v_misc_4, ontoclasm_vaults_pinch,
          vaults_mumra_minichess_inversion, serial_shops, shop
Vaults:2: v_rooms_1, nicolae_vaults_shelves_hall, grunt_vaults_funnel,
          vaults_room_hallway, v_alt_pattern_2, hangedman_vaults_slice,
          nicolae_vaults_bisected_slash, v_rooms_3, dpeg_vaults_monster_box,
          serial_shops, shop, shop
Vaults:3: nicolae_vaults_triangles, v_misc_26, minmay_crypt_entry_simple_box,
          nicolae_vaults_rhombus_7, ontoclasm_vaults_gateway, v_misc_28,
          v_misc_12, st_hourglassy, v_alt_pattern_4,
          nicolae_vaults_little_squares_1, nicolae_vaults_shelves_hall,
          portal_desolation_entry_nicolae_slug, serial_shops,
          nicolae_shop_crystal
Vaults:4: v_pattern_2, nicolae_vaults_disjoint_gnomons,
          nicolae_vaults_network_quincunx, hangedman_vaults_corner, v_misc_4,
          vaults_room_glass_cross, v_misc_32, vaults_dpeg_ring,
          ontoclasm_vaults_decontamination
Depths:1: enter_ziggurat_b, hangedman_abyss_entry_splay,
          pf_hell_entry_great_geh, chequers_big_river, solitary_fountain,
          bh_walls_and_bars, minmay_shop_grove
Depths:2: lemuel_minitomb, hellmouth_3, grunt_decor_cap, lemuel_statue_altar,
          uniq_jorgrun
Depths:3: minmay_the_grid_net, serial_shops, shop, nicolae_shop_trees, shop,
          shop, pan_entry, grunt_metal_band, columned_hall_lemuel,
          uniq_enchantress
Depths:4: lightli_eight_chambers, hell_entry, marbit_kobold_abyss_entry,
          hangedman_decor_growths, minivault_14
Depths:5: grunt_zot_entry_tricorne, hell_entry, minmay_stone_trees_small
Abyss:3:  evilmike_abyss_exit_plants, hangedman_summoners_spam
Abyss:4:  doesnt_abyss_rune_brain_food, minivault_25,
          due_evilmike_abyss_rune_seething_liches
IceCv:    ice_cave_statue_garden_chambered
Volcano:  volcano_grotto

Skill      XL: |  1  2  3  4  5  6  7  8  9 10 11 12 13 14 15 16 17 18 19 20 21 22 23 24 |
---------------+-------------------------------------------------------------------------+-----
Axes           | 4 5 6 7 9 11 12 14 16 17 18 19 21 22 23 24 25 26 | 26.0
Fighting       | 4 5 6 7 8 9 11 12 13 14 15 16 17 18 19 20 21 22 23 | 23.1
Armour         | 3 4 5 6 8 9 10 11 13 14 15 16 17 18 19 20 21 22 23 | 23.0
Dodging        | 3 4 5 6 7 8 9 10 11 13 14 15 16 17 18 19 20 21 | 21.4
Shields        | 1 4 |  4.1
Evocations     | 2 4 |  4.0
Crossbows      | 5 9 11 12 | 12.8

Action                   |  1- 3 |  4- 6 |  7- 9 | 10-12 | 13-15 | 16-18 | 19-21 | 22-24 || total
-------------------------+-------+-------+-------+-------+-------+-------+-------+-------++-------
Melee: Hand axe          |    88 |   145 |   309 |   264 |       |       |       |       ||   806
       Headbutt          |    15 |    27 |    73 |   152 |   351 |   233 |   286 |   229 ||  1366
       War axe           |       |       |       |   396 |   546 |       |       |       ||   942
       Trident           |       |       |       |       |   294 |       |       |       ||   294
       Executioner's axe |       |       |       |       |   508 |   895 |  1110 |   975 ||  3488
 Fire: Arbalest          |       |       |       |       |    41 |    56 |   100 |    35 ||   232
       Blowgun           |       |       |       |       |     1 |       |       |       ||     1
Invok: Berserk           |     2 |     8 |     8 |    19 |    16 |     4 |       |     2 ||    59
       Trog's Hand       |       |     1 |     3 |     1 |     7 |    17 |     7 |    16 ||    52
       Brothers in Arms  |       |       |     1 |     3 |     2 |     4 |     6 |     8 ||    24
 Abil: Evoke Blink       |       |       |       |       |       |     3 |       |       ||     3
       Stop Flying       |       |       |       |       |       |       |     1 |       ||     1
       Evoke Flight      |       |       |       |       |       |       |     1 |       ||     1
Evoke: Wand              |       |     2 |       |    14 |     3 |     7 |     1 |     4 ||    31
       Phial of floods   |       |       |       |       |       |       |       |     1 ||     1
  Use: Scroll            |     5 |     3 |     3 |    11 |    18 |    21 |     5 |    13 ||    79
       Potion            |       |       |       |       |     5 |     4 |       |    10 ||    19
 Stab: Petrified         |       |       |       |       |     4 |       |       |       ||     4
       Invisible         |       |       |       |       |     1 |       |       |       ||     1
       Distracted        |       |       |       |       |       |       |     2 |       ||     2
       Petrifying        |       |       |       |       |       |       |       |     1 ||     1
  Eat: Chunk             |     5 |     8 |    23 |    27 |    41 |    24 |    34 |    15 ||   177
       Ration            |       |     2 |     1 |     7 |    10 |     8 |     1 |     5 ||    34
Armor: Ring mail         |    13 |       |       |       |       |       |       |       ||    13
       Animal skin       |     1 |       |       |       |       |       |       |       ||     1
       Scale mail        |    20 |    58 |    84 |    26 |       |       |       |       ||   188
       Chain mail        |       |       |       |    15 |       |       |       |       ||    15
       Plate armour      |       |       |       |   190 |   663 |   537 |   630 |   272 ||  2292
       Crystal plate arm |       |       |       |       |       |       |       |   346 ||   346
Dodge: Dodged            |    35 |    57 |   149 |   333 |   746 |   637 |   834 |   654 ||  3445
Block: Buckler           |       |       |       |    82 |   144 |       |       |       ||   226

Table legend:
 A = Spawn XP
 B = Non-spawn XP
 C = Spawn XP percentage of total XP
 D = Spawn monster count
 E = Non-spawn monster count
 F = Spawn count percentage of total count
 G = Total turns spent on level
                    A         B        C        D         E        F      G
               +---------+---------+-------+---------+---------+-------+---------
         Total |   92889 |  961797 |   8.8 |     173 |    1966 |   8.1 | 68261
               +---------+---------+-------+---------+---------+-------+---------
           D:1 |       0 |      33 |   0.0 |       0 |      19 |   0.0 |   897
           D:2 |       0 |      41 |   0.0 |       0 |      15 |   0.0 |   912
           D:3 |       0 |      55 |   0.0 |       0 |      14 |   0.0 |   860
           D:4 |       0 |     294 |   0.0 |       0 |      26 |   0.0 |  1624
           D:5 |       0 |     928 |   0.0 |       0 |      27 |   0.0 |  1936
           D:6 |       0 |     840 |   0.0 |       0 |      25 |   0.0 |   946
           D:7 |       0 |    1371 |   0.0 |       0 |      13 |   0.0 |  1121
           D:8 |       0 |    3267 |   0.0 |       0 |      27 |   0.0 |  2603
           D:9 |       0 |    1907 |   0.0 |       0 |      27 |   0.0 |  2002
          D:10 |       0 |    7037 |   0.0 |       0 |      22 |   0.0 |  2210
          D:11 |       0 |    7777 |   0.0 |       0 |      53 |   0.0 |  1718
          D:12 |       0 |    8734 |   0.0 |       0 |      48 |   0.0 |  1667
          D:13 |       0 |   11342 |   0.0 |       0 |      49 |   0.0 |  2154
          D:14 |       0 |    9012 |   0.0 |       0 |      18 |   0.0 |  1187
          D:15 |       0 |   18843 |   0.0 |       0 |      38 |   0.0 |  1791
        Lair:1 |       0 |    4436 |   0.0 |       0 |      18 |   0.0 |  1816
        Lair:2 |       0 |    6485 |   0.0 |       0 |      20 |   0.0 |  1999
        Lair:3 |       0 |    8930 |   0.0 |       0 |      27 |   0.0 |  1920
        Lair:4 |       0 |    7400 |   0.0 |       0 |      28 |   0.0 |  1495
        Lair:5 |       0 |    5327 |   0.0 |       0 |      14 |   0.0 |  1214
        Lair:6 |       0 |   12811 |   0.0 |       0 |      41 |   0.0 |  2001
       Swamp:1 |       0 |   13093 |   0.0 |       0 |      35 |   0.0 |  1172
       Swamp:2 |       0 |   19067 |   0.0 |       0 |      39 |   0.0 |  1137
       Swamp:3 |       0 |   14959 |   0.0 |       0 |      22 |   0.0 |  1222
       Swamp:4 |       0 |   28224 |   0.0 |       0 |      53 |   0.0 |  1434
      Spider:1 |       0 |   16279 |   0.0 |       0 |      31 |   0.0 |   770
      Spider:2 |       0 |   16489 |   0.0 |       0 |      40 |   0.0 |  1268
      Spider:3 |       0 |   16741 |   0.0 |       0 |      52 |   0.0 |   790
      Spider:4 |       0 |   42789 |   0.0 |       0 |      81 |   0.0 |   995
         Orc:1 |       0 |    3903 |   0.0 |       0 |      33 |   0.0 |  1064
         Orc:2 |       0 |    7874 |   0.0 |       0 |      84 |   0.0 |  1893
         Elf:1 |       0 |   17891 |   0.0 |       0 |      41 |   0.0 |  1466
         Elf:2 |       0 |   23773 |   0.0 |       0 |      35 |   0.0 |  1074
         Elf:3 |       0 |   65210 |   0.0 |       0 |      79 |   0.0 |  1965
      Vaults:1 |       0 |   56354 |   0.0 |       0 |      96 |   0.0 |  1492
      Vaults:2 |       0 |   50139 |   0.0 |       0 |      71 |   0.0 |  1321
      Vaults:3 |       0 |   35861 |   0.0 |       0 |      54 |   0.0 |  1147
      Vaults:4 |       0 |   69609 |   0.0 |       0 |     112 |   0.0 |  1787
      Depths:1 |       0 |   24057 |   0.0 |       0 |      41 |   0.0 |  1557
      Depths:2 |       0 |   44112 |   0.0 |       0 |      71 |   0.0 |  1159
      Depths:3 |       0 |   88020 |   0.0 |       0 |      95 |   0.0 |  1804
      Depths:4 |       0 |   26223 |   0.0 |       0 |      35 |   0.0 |  1108
      Depths:5 |       0 |   97989 |   0.0 |       0 |      73 |   0.0 |  1766
         Zot:1 |       0 |    5471 |   0.0 |       0 |       4 |   0.0 |    85
       Abyss:1 |   18356 |   16517 |  52.6 |      13 |      16 |  44.8 |   368
       Abyss:2 |    6854 |    8684 |  44.1 |      25 |      17 |  59.5 |   390
       Abyss:3 |    2896 |       0 | 100.0 |       3 |       0 | 100.0 |    31
       Abyss:4 |   64783 |   27770 |  70.0 |     132 |      55 |  70.6 |  1524
         IceCv |       0 |    3037 |   0.0 |       0 |      11 |   0.0 |  1052
       Volcano |       0 |    4792 |   0.0 |       0 |      21 |   0.0 |  1347
               +---------+---------+-------+---------+---------+-------+---------
